 Dungeon Crawl Stone Soup version 0.30.0-17-ge0270778cf (webtiles) character file.

Game seed: 3053301079928304923

556 fleet the Geomancer (level 7, -5/51 HPs)
             Began as a Formicid Earth Elementalist on May 21, 2023.
             Slain by a kobold
             ... wielding a +2 whip of electrocution
              (15 damage)
             ... on level 4 of the Dungeon.
             The game lasted 00:09:16 (3205 turns).

fleet the Geomancer (Formicid Earth Elementalist)   Turns: 3205, Time: 00:09:18

Health: -5/51      AC: 24    Str: 12    XL:     7   Next: 56%
Magic:  9/10       EV: 11    Int: 17    God:
Gold:   214        SH:  0    Dex: 14    Spells: 9/10 levels left

rFire   . . .        i - +7 staff of the Meek {protect, meekguard}
rCold   . . .        (no shield)
rNeg    . . .        o - +0 leather armour
rPois   .            (helmet unavailable)
rElec   .            m - +1 cloak {Stlth+}
rCorr   .            h - +0 pair of gloves
SInv    +            (no boots)
Will    .....        k - amulet of the acrobat
Stlth   +++          j - +4 ring of protection
HPRegen 0.28/turn    (no ring)
MPRegen 0.12/turn

%: acrobat
@: under a protective aura
A: permanent stasis, dig shafts and tunnels, antennae 3, four strong arms
a: Dig, Shaft Self


You were on level 4 of the Dungeon.
You visited 1 branch of the dungeon, and saw 4 of its levels.

You collected 214 gold pieces.

Inventory:

Hand Weapons
 i - the +7 staff of the Meek (weapon) {protect, meekguard}
   (You found it on level 3 of the Dungeon)
 l - a +2 short sword of freezing
Armour
 h - a +0 pair of gloves (worn)
 m - a +1 cloak of stealth (worn)
 o - a +0 leather armour (worn)
Jewellery
 j - a +4 ring of protection (left hand)
 k - an amulet of the acrobat (around neck)
Wands
 p - a wand of paralysis (3)
Scrolls
 a - a scroll of identify {unknown}
 c - a scroll of enchant weapon {unknown}
 f - 4 scrolls of teleportation
Potions
 b - a potion of magic
 d - 4 potions of haste
 e - 2 potions of curing {unknown}
 g - 2 potions of invisibility {unknown}
 n - a potion of flight {unknown}


   Skills:
 + Level 2.4 Fighting
 - Level 1.7 Dodging
 - Level 2.4 Stealth
 - Level 2.1 Spellcasting
 - Level 1.1 Transmutations
 + Level 9.3 Earth Magic


You had 9 spell levels left.
You knew the following spells:

 Your Spells              Type           Power      Damage    Failure   Level
a - Sandblast             Erth           66%        2d15      1%          1

Your spell library contained the following spells:

 Spells                   Type           Power      Damage    Failure   Level
 Passwall                 Tmut/Erth      15%        N/A       4%          2
 Stone Arrow              Conj/Erth      34%        3d9       11%         3
 Petrify                  Tmut/Erth      19%        N/A       28%         4
 Borgnjor's Vile Clutch   Necr/Erth      8%         N/A       69%         5
 Animate Dead             Necr           1%         N/A       94%         4
 Death Channel            Necr           0%         N/A       100%        6
 Chain Lightning          Conj/Air       0%         2d1       100%        9
 Fire Storm               Conj/Fire      0%         6d1       100%        9
 Shatter                  Erth           16%        3d16*     100%        9


Dungeon Overview and Level Annotations

Branches:
Dungeon (4/15)
 Temple: D:4-7

Altars:
Kikubaaqudgha
Yredelemnul

Annotations:
D:4 3 runed translucent doors, SnakkuSnakku7's ghost, amateur AtAr; Twinkles's ghost, novice DjHs


Innate Abilities, Weirdness & Mutations

You cannot be hasted, slowed, berserked, paralysed or teleported.
You can dig through walls and to a lower floor.
You have a pair of large antennae on your head. (SInv)
Your four strong arms can wield two-handed weapons with a shield.


Message History

The orc wizard is lightly wounded.
The orc wizard closely misses you. The orc misses you.
The kobold closely misses you. The scorpion barely misses you.
You hit the orc wizard but do no damage.
The orc wizard is lightly wounded.
The orc wizard hits you but does no damage.
The kobold misses you. The orc barely misses you.
The scorpion barely misses you. The kobold hits you but does no damage.
The orc wizard hits you but does no damage.
The orc hits you but does no damage.
You thump the orc wizard!
You kill the orc wizard!
The scorpion stings you but does no damage.
The orc hits you but does no damage. The kobold hits you but does no damage.
You are electrocuted!
The scorpion barely misses you.
You closely miss the scorpion.
The scorpion stings you but does no damage.
The orc barely misses you. The kobold hits you but does no damage.
You are electrocuted!
* * * LOW HITPOINT WARNING * * *
You hit the scorpion.
The scorpion is lightly wounded.
The scorpion stings you but does no damage.
The orc hits you but does no damage. The kobold hits you but does no damage.
The scorpion stings you but does no damage.
The orc closely misses you. The kobold closely misses you.
You thump the scorpion!
The scorpion is heavily wounded.
The scorpion stings you but does no damage.
The orc hits you but does no damage. The kobold hits you but does no damage.
Casting: Sandblast (safe; 1% risk of failure)
Confirm with . or Enter, or press ? or * to list all spells.
Aiming: Sandblast (safe; 1% risk of failure)
Press: ? - help, Shift-Dir - straight line, f - scorpion
Aim: a scorpion (heavily wounded, 84% to hit)
The blast of sand hits the scorpion!
You kill the scorpion!
The orc completely misses you. The kobold hits you but does no damage.
You are electrocuted!
You die...

.....##?..........$
...............#..
++####.!.......#
..{{ #.#.......# #
.{..
#..#.....)######.##
{.W.
##.###.............
..$ #.
##.........###
##..........#
#..)@.......
#..oK)..$...
#...........
#...........
#...........
#...........
#.........).
########....


You could see an orc and a kobold.

Vanquished Creatures
  Sigmund (D:3)
  Pargi (D:3)
  An ogre (D:4)
  A scorpion (D:4)
  Crazy Yiuf (D:3)
  An orc priest (D:3)
  An orc wizard (D:4)
  6 adders
  A worm (D:3)
  3 dart slugs
  7 orcs
  5 endoplasms
  2 giant cockroaches
  9 goblins
  8 hobgoblins
  6 jackals
  5 quokkas
  3 ball pythons
  4 bats
  3 frilled lizards
  3 kobolds
  3 rats
75 creatures vanquished.

Notes
Turn   | Place    | Note
-------+----------+-------------------------------------------
     0 | D:1      | fleet the Formicid Earth Elementalist began the quest for
                  | the Orb.
     0 | D:1      | Reached XP level 1. HP: 13/13 MP: 3/3
    65 | D:1      | Reached skill level 4 in Earth Magic
   147 | D:1      | Reached XP level 2. HP: 19/19 MP: 3/5
   871 | D:1      | Reached XP level 3. HP: 24/24 MP: 3/6
   963 | D:1      | Reached skill level 5 in Earth Magic
  1385 | D:2      | Reached XP level 4. HP: 22/30 MP: 1/7
  1973 | D:3      | Found an ancient bone altar of Kikubaaqudgha.
  2153 | D:3      | Reached skill level 6 in Earth Magic
  2238 | D:3      | Found a basalt altar of Yredelemnul.
  2371 | D:3      | Noticed Pargi
  2388 | D:3      | Killed Pargi
  2389 | D:3      | Reached skill level 7 in Earth Magic
  2389 | D:3      | Reached XP level 5. HP: 27/35 MP: 4/8
  2554 | D:3      | Noticed Sigmund
  2559 | D:3      | Killed Sigmund
  2560 | D:3      | Reached skill level 8 in Earth Magic
  2560 | D:3      | Reached XP level 6. HP: 37/41 MP: 5/9
  2632 | D:3      | Found the +7 staff of the Meek {protect, meekguard}
  2944 | D:3      | Found a runed translucent door.
  2945 | D:3      | Noticed Crazy Yiuf
  2955 | D:3      | Killed Crazy Yiuf
  2956 | D:3      | Reached XP level 7. HP: 33/47 MP: 10/10
  3092 | D:4      | Reached skill level 1 in Fighting
  3125 | D:4      | Reached skill level 9 in Earth Magic
  3164 | D:4      | Found a runed translucent gate.
  3164 | D:4      | Found a runed translucent gate.
  3164 | D:4      | Found a runed translucent gate.
  3168 | D:4      | Noticed SnakkuSnakku7's ghost (amateur AtAr)
  3168 | D:4      | Noticed Twinkles's ghost (novice DjHs)
  3205 | D:4      | Slain by a kobold

Illustrated notes

Levels and vault maps discovered:
D:1:      dpeg_arrival_line_fractal, layout_basic, minmay_pentomino_p4
D:2:      layout_basic
D:3:      layout_loops_corners, nicolae_kikubaaqudgha_miasma_corner,
          mainiacjoe_overflow_brackets, pf_guarded_unrand_meek, uniq_pargi,
          uniq_crazy_yiuf_cottage, uniq_sigmund
D:4:      layout_rooms, gammafunk_temple_overflow_elements,
          gammafunk_ghost_cemetery, enter_ossuary_5

Skill      XL: |  1  2  3  4  5  6  7 |
---------------+----------------------+-----
Earth Magic    | 4 5 7 8 9 |  9.3
Fighting       | 2 |  2.4
Dodging        | |  1.7
Stealth        | |  2.4
Spellcasting   | |  2.1
Transmutations | |  1.1

Action                     |  1- 3 |  4- 6 |  7- 9 || total
---------------------------+-------+-------+-------++-------
  Melee: Unarmed           |    27 |       |       ||    27
         Short sword       |       |    63 |     7 ||    70
         Punch             |       |     4 |     1 ||     5
         Quarterstaff      |       |     6 |    41 ||    47
   Cast: Sandblast         |    35 |    13 |     1 ||    49
Ability: Dig               |     2 |       |       ||     2
    Use: Scroll            |       |     4 |       ||     4
   Stab: Sleeping          |       |     3 |     1 ||     4
 Armour: Robe              |    10 |     2 |       ||    12
         Leather armour    |       |    29 |    53 ||    82
  Dodge: Dodged            |    50 |    56 |    57 ||   163
